 Dungeon Crawl Stone Soup version 0.25-a0-362-g90ccd6aac3 (webtiles) character file.

Game seed: 5709678182785078923, levelgen mode: deterministic

37 Nixze the Ruffian (level 3, -3/37 HPs)
             Began as an Ogre Transmuter on Jan 4, 2020.
             Killed from afar by Natasha (9 damage)
             ... with a magic dart
             ... on level 2 of the Dungeon.
             The game lasted 00:02:15 (1439 turns).

Nixze the Ruffian (Ogre Transmuter)                 Turns: 1439, Time: 00:02:16

Health: -3/37      AC:  3    Str: 14    XL:     3   Next: 39%
Magic:  2/6        EV: 10    Int: 15    God:
Gold:   71         SH:  0    Dex:  9    Spells: 1/7 levels left

rFire    . . .     SeeInvis .     - Unarmed
rCold    . . .     Gourm    .   (no shield)
rNeg     . . .     Faith    .   b - +0 robe
rPois    .         Spirit   .   (helmet restricted)
rElec    .         Reflect  .   (no cloak)
rCorr    .         Harm     .   (gloves unavailable)
MR       .....                  (boots unavailable)
Stlth    +.........             (no amulet)
HPRegen  0.12/turn              (no ring)
MPRegen  0.10/turn              (no ring)

@: appendage, very slightly contaminated
A: large, unfitting armour, horns 2, tough skin 1
a: End Transformation


You were on level 2 of the Dungeon.
You were very hungry.
You had grown temporary horns.
You visited 1 branch of the dungeon, and saw 2 of its levels.

You collected 71 gold pieces.

Inventory:

Missiles
 a - 29 arrows
Armour
 b - a +0 robe (worn)
Scrolls
 c - a scroll of fog {unknown}
 e - a scroll of remove curse {unknown}
 f - a scroll of enchant armour {unknown}
 g - a scroll of fear {unknown}
 h - 3 scrolls of teleportation {unknown}
Potions
 i - a potion of lignification {unknown}
Comestibles
 d - 3 rations


   Skills:
 + Level 3.1 Fighting
 - Level 1.7 Dodging
 + Level 3.3 Unarmed Combat
 * Level 2.5 Spellcasting
 * Level 1.7 Transmutations
 * Level 0.1 Poison Magic


You had one spell level left.
You knew the following spells:

 Your Spells              Type           Power        Failure   Level  Hunger
a - Beastly Appendage     Tmut           #.....       11%         1    #......
b - Sticks to Snakes      Tmut           #.......     16%         2    ###....
c - Spider Form           Tmut/Pois      #.........   38%         3    ###....

Your spell library contained the following spells:

 Spells                   Type           Power        Failure   Level  Hunger
 Ice Form                 Ice/Tmut       #.......     82%         4    #####..
 Blade Hands              Tmut           #.........   96%         5    ######.


Dungeon Overview and Level Annotations

Branches:
Dungeon (2/15)

Altars:

Annotations:
D:2 Natasha


Innate Abilities, Weirdness & Mutations

You are too large for most types of armour.
You have tough skin. (AC +1)
You have a pair of horns on your head.


Message History

Natasha is moderately wounded.
The white imp lashes its tail.
Natasha misses you.
You hit Natasha.
Natasha is heavily wounded.
The white imp disappears in a puff of smoke!
You miss Natasha.
Natasha is heavily wounded.
Natasha claws you!
You barely miss Natasha. Your headbutt misses Natasha.
Natasha is heavily wounded.
Natasha barely misses you.
You barely miss Natasha.
Natasha is heavily wounded.
Natasha casts a spell at you. The magic dart hits you!
* * * LOW HITPOINT WARNING * * *
Natasha stares at you and mumbles some strange words.
The magic dart hits you!
You die...

#........# #........#
#........# #..(.....#
#####........#######
....'........'......
#####........#######
.............############.
................@.h55.....
####.################.....
#.# ##. ####'####
........#### ........'..#
........##.# ........##.#
........##.#


You could see Natasha and 2 shadow imps.

Vanquished Creatures
  Natasha (D:2)
  3 goblins
  3 hobgoblins
  3 kobolds
  A quokka (D:2)
  2 bats (D:1)
  A frilled lizard (D:2)
  3 rats (D:1)
17 creatures vanquished.

Notes
Turn   | Place    | Note
-------+----------+-------------------------------------------
     0 | D:1      | Nixze the Ogre Transmuter began the quest for the Orb.
     0 | D:1      | Reached XP level 1. HP: 19/19 MP: 3/3
   347 | D:1      | Reached XP level 2. HP: 28/28 MP: 3/5
  1105 | D:2      | Noticed Natasha
  1111 | D:1      | Learned a level 2 spell: Sticks to Snakes
  1120 | D:2      | Noticed a crimson imp
  1120 | D:2      | Killed Natasha
  1120 | D:2      | Reached XP level 3. HP: 13/37 MP: 2/6
  1317 | D:2      | Learned a level 3 spell: Spider Form
  1414 | D:2      | Noticed Natasha
  1439 | D:2      | Killed from afar by Natasha

Levels and vault maps discovered:
D:1:      dpeg_chamrin_arrival_tetris, layout_basic
D:2:      layout_basic, lemuel_round_altar, uniq_terence, uniq_natasha

Skill      XL: |  1  2 |
---------------+-------+-----
Fighting       | 2 3 |  3.1
Unarmed Combat | 3 |  3.3
Dodging        | |  1.7
Spellcasting   | |  2.5
Transmutations | |  1.7
Poison Magic   | |  0.1

Action                   || total
-------------------------++-------
Melee: Unarmed           ||    83
       Kick              ||     5
       Headbutt          ||     3
 Cast: Beastly Appendage ||    15
       Sticks to Snakes  ||     2
  Eat: Chunk             ||     1
Armor: Robe              ||    18
Dodge: Dodged            ||    32

Table legend:
 A = Non-vault XP
 B = Vault XP
 C = Vault XP percentage of total XP
 D = Non-vault monster count
 E = Vault monster count
 F = Vault count percentage of total count
                 A         B        C        D         E       F
            +---------+---------+-------+---------+---------+-------
      Total |      27 |      26 |  49.1 |      16 |       1 |   5.9
            +---------+---------+-------+---------+---------+-------
        D:1 |      16 |       0 |   0.0 |      10 |       0 |   0.0
        D:2 |      11 |      26 |  70.3 |       6 |       1 |  14.3
            +---------+---------+-------+---------+---------+-------
